Map: [ESL] Oceanborn

Players

Elazer - Winner!

  • Race: Zerg Zerg
  • Spawn Location: 11:00

Rogue

  • Race: Zerg Zerg
  • Spawn Location: 5:00

Event: ESL Spring 2024 Finals

VOD

Have the link to the VOD?

Description

Time

  • Played on: May 31, 2024, 1:53 p.m.
  • Length: 10:58

All games in this series

Show
View Real Time Build Order
Export as new Build Order

Elazer Zerg - Winner!

Build Orders: Hatch First, Lurkers 

Get SALT Encoding   

  12  0:00  Drone  
  13  0:12  Overlord  
  13  0:17  Drone  
  14  0:30  Drone x2  
  16  0:47  Hatchery  
  15  0:51  Drone  
  15  0:54  Drone  
  17  0:57  Drone  
  18  1:08  Extractor  
  17  1:12  Spawning Pool  
  17  1:15  Drone  
  17  1:19  Drone  
  18  1:28  Drone  
  19  1:38  Drone  
  20  1:49  Drone  
  21  1:59  Queen x2  
  21  2:00  Drone  
  21  2:01  Overlord  
  26  2:10  Drone  
  26  2:11  Drone  
  28  2:22  Drone x2  
  30  2:31  Drone  
  30  2:32  Overlord  
  30  2:35  Queen  
  30  2:36  Lair  
  33  2:44  Drone x2  
  35  2:56  Drone x2  
  35  2:57  Roach Warren  
  36  3:04  Overlord  
  36  3:06  Drone x4  
  36  3:08  Drone x2  
  36  3:09  Drone  
  43  3:17  Extractor  
  42  3:24  Evolution Chamber  
  42  3:26  Evolution Chamber  
  40  3:27  Extractor  
  40  3:28  Drone x2, Extractor  
  40  3:31  Drone x2  
  42  3:35  Spire  
  42  3:40  Roach  
  43  3:45  Evolution Chamber  
  43  3:48  Roach  
  44  3:49  Evolution Chamber  
  44  3:50  Evolution Chamber, Roach  
  42  3:56  Roach  
  44  4:03  Evolution Chamber  
  43  4:11  Spine Crawler  
  43  4:13  Evolution Chamber  
  43  4:17  Overlord  
  43  4:19  Drone  
  43  4:20  Roach Warren  
  43  4:23  Drone  
  44  4:26  Overlord  
  44  4:29  Overlord  
  45  4:39  Evolution Chamber  
  45  4:40  Drone x3  
  47  4:48  Mutalisk  
  47  4:49  Mutalisk  
  51  4:53  Mutalisk  
  51  4:55  Mutalisk  
  55  5:02  Mutalisk  
  55  5:05  Mutalisk  
  59  5:09  Mutalisk  
  59  5:12  Drone  
  62  5:18  Drone x3  
  65  5:22  Mutalisk  
  67  5:30  Drone, Overlord  
  68  5:40  Zerg Missile Weapons Level 1  
  68  5:51  Drone x7  
  68  5:56  Drone  
  76  6:05  Drone x2  
  76  6:15  Glial Reconstitution  
  76  6:18  Hydralisk Den  
  73  6:19  Roach  
  73  6:21  Overlord  
  75  6:26  Hatchery  
  75  6:27  Roach x3  
  75  6:29  Roach  
  76  6:38  Ravager x2  
  76  6:39  Ravager  
  77  6:41  Roach x3  
  80  6:48  Roach  
  80  6:49  Roach  
  80  6:51  Hatchery, Lurker Den  
  80  6:52  Roach  
  84  6:59  Overlord x2  
  84  7:16  Overlord  
  84  7:17  Queen  
  84  7:18  Drone x11  
  84  7:19  Drone  
  98  7:24  Drone  
  99  7:35  Drone x2  
  99  7:36  Zerg Missile Weapons Level 2  
  101  7:37  Zerg Ground Armor Level 1  
  101  7:41  Hydralisk  
  103  7:46  Overlord  
  103  7:51  Roach x2  
  107  7:54  Overlord x2  
  107  8:04  Extractor  
  107  8:05  Hydralisk, Extractor  
  105  8:06  Hydralisk x3  
  113  8:13  Hydralisk x2  
  113  8:19  Hydralisk x3  
  123  8:21  Overlord  
  123  8:22  Overlord  
  123  8:28  Roach x3  
  123  8:32  Roach x2  
  133  8:37  Roach x2  
  137  8:44  Roach x4  
  137  8:47  Lurker x3  
  148  8:48  Ravager  
  148  8:53  Overlord  
  148  8:54  Overlord  
  149  8:59  Lurker x4  
  153  9:03  Overlord x2  
  153  9:05  Overlord  
  153  9:14  Roach x4  
  159  9:18  Lurker x2  
  159  9:20  Roach  
  163  9:29  Roach x6  
  175  9:34  Roach x2  
  173  9:49  Roach x8  
  140  10:00  Roach x6  
  140  10:03  Roach x2  
  140  10:06  Roach  
  141  10:08  Roach  
Show
View Real Time Build Order
Export as new Build Order

Rogue Zerg 

Build Orders: Hatch First 

Get SALT Encoding   

  12  0:00  Drone  
  13  0:12  Overlord  
  13  0:17  Drone  
  14  0:30  Drone x2  
  16  0:47  Hatchery  
  15  0:50  Drone  
  15  0:54  Drone  
  17  0:57  Drone  
  18  1:08  Extractor  
  17  1:13  Spawning Pool  
  17  1:15  Drone  
  17  1:18  Drone  
  18  1:28  Drone  
  19  1:39  Drone  
  20  1:49  Drone  
  21  1:59  Queen x2  
  21  2:00  Zergling x2, Overlord  
  26  2:08  Metabolic Boost  
  26  2:10  Drone  
  26  2:11  Drone  
  28  2:32  Hatchery  
  28  2:33  Zergling x4  
  28  2:36  Zergling x2  
  30  2:40  Zergling x2  
  32  2:44  Zergling x4  
  33  2:53  Overlord  
  33  2:54  Zergling x2  
  34  3:07  Zergling x2  
  34  3:08  Zergling x2  
  34  3:12  Zergling x12  
  42  3:23  Zergling x4  
  44  3:31  Overlord  
  44  3:40  Zergling x2  
  44  3:44  Zergling x6  
  44  3:48  Queen  
  46  3:52  Zergling x2  
  45  3:58  Zergling x4  
  45  4:04  Zergling x4  
  45  4:05  Zergling x4  
  45  4:06  Zergling x2  
  45  4:07  Zergling x2  
  48  4:11  Zergling x4  
  48  4:16  Zergling x6  
  48  4:22  Drone, Evolution Chamber  
  44  4:29  Drone x3  
  47  4:31  Drone x3  
  47  4:36  Drone x2  
  52  4:44  Roach Warren  
  51  4:51  Zerg Ground Armor Level 1  
  51  4:55  Overlord  
  51  4:57  Drone  
  52  5:01  Drone  
  52  5:02  Drone x2  
  55  5:09  Drone x2  
  55  5:10  Overlord  
  57  5:14  Overlord  
  57  5:18  Spore Crawler  
  57  5:20  Spore Crawler  
  55  5:24  Drone  
  55  5:25  Drone x2  
  58  5:29  Overlord  
  58  5:31  Drone  
  58  5:32  Drone  
  58  5:34  Drone  
  58  5:35  Drone  
  62  5:39  Overlord  
  62  5:41  Spore Crawler  
  61  5:51  Drone x3  
  61  5:52  Queen  
  64  5:57  Drone  
  64  5:58  Drone x3  
  64  6:03  Drone x2  
  62  6:08  Drone x2  
  63  6:13  Drone x3  
  63  6:15  Drone  
  66  6:20  Drone  
  66  6:22  Spore Crawler  
  66  6:24  Drone x2  
  68  6:27  Overlord  
  68  6:31  Drone  
  69  6:36  Drone x5  
  69  6:37  Drone  
  70  6:46  Lair  
  69  6:47  Overlord  
  69  6:51  Extractor  
  69  6:52  Queen  
  70  6:56  Overlord  
  70  7:00  Roach x4  
  77  7:06  Overlord, Extractor x2  
  75  7:11  Drone x2  
  77  7:15  Drone  
  77  7:16  Drone x2  
  77  7:18  Zerg Missile Weapons Level 1  
  77  7:21  Roach x3  
  77  7:22  Overlord  
  85  7:23  Roach  
  85  7:26  Roach  
  89  7:32  Overlord x2, Roach  
  91  7:37  Extractor  
  91  7:39  Roach  
  91  7:41  Roach x2  
  91  7:43  Roach x2  
  91  7:44  Queen  
  100  7:46  Drone x2  
  103  7:52  Roach x2  
  103  7:54  Overlord x2  
  103  7:58  Glial Reconstitution  
  107  8:00  Drone x2  
  107  8:01  Drone  
  107  8:02  Overseer  
  110  8:06  Roach  
  110  8:07  Roach  
  110  8:09  Roach  
  116  8:15  Drone x3  
  116  8:18  Roach x3  
  124  8:25  Roach x4  
  132  8:28  Overlord  
  132  8:31  Extractor  
  132  8:33  Roach x2  
  135  8:36  Overlord  
  135  8:39  Overlord  
  135  8:41  Overlord  
  135  8:44  Evolution Chamber  
  132  8:49  Extractor  
  132  8:50  Drone x3  
  132  8:52  Drone x2  
  132  8:54  Ravager x4  
  140  9:00  Roach x4  
  148  9:07  Roach x3  
  148  9:09  Roach  
  156  9:13  Overlord  
  156  9:21  Roach x2  
  156  9:22  Overlord  
  159  9:26  Overseer  
  159  9:27  Overseer  
  159  9:29  Roach  
  159  9:32  Overlord  
  159  9:33  Extractor  
  159  9:34  Roach  
  159  9:36  Roach  
  160  9:39  Roach x2  
  160  9:42  Roach  
  160  9:44  Roach x2  
  167  9:49  Roach  
  167  9:50  Roach x2  
  167  9:51  Roach  
  134  10:01  Roach  
  134  10:02  Roach x2  
  134  10:04  Roach x3  
  134  10:06  Roach  
  111  10:08  Roach  
Tags
 
Add a new tag
Caveats
  • Supply blocks, unpowered buildings, or Contaminate may cause inaccurate times.
  • Supply counts are checked every 10 seconds.